 Dungeon Crawl Stone Soup version 0.25.1-2-g60ff931df9 (webtiles) character file.

Game seed: 17317512195580080358

366 funkygono the Cudgeler (level 6, -12/53 HPs)
             Began as a Minotaur Fighter on Oct 27, 2020.
             Was a Follower of Okawaru.
             Mangled by an ogre
             ... wielding a +0 giant spiked club
              (17 damage)
             ... on level 4 of the Dungeon.
             The game lasted 00:07:18 (3187 turns).

funkygono the Cudgeler (Minotaur Fighter)           Turns: 3187, Time: 00:07:19

Health: -12/53     AC:  8    Str: 23    XL:     6   Next: 40%
Magic:  5/5        EV:  8    Int:  5    God:    Okawaru [*.....]
Gold:   237        SH: 11    Dex:  9    Spells: 5/5 levels left

rFire    . . .     SeeInvis .   a - +0 flail
rCold    . . .     Gourm    .   c - +1 kite shield
rNeg     . . .     Faith    .   b - +0 scale mail
rPois    .         Spirit   .   (helmet restricted)
rElec    .         Reflect  .   t - +0 cloak
rCorr    .         Harm     .   (no gloves)
MR       .....                  (no boots)
Stlth    ..........             (no amulet)
HPRegen  0.17/turn              (no ring)
MPRegen  0.09/turn              (no ring)

@: no status effects
A: retaliatory headbutt, horns 2
a: Heroism, Renounce Religion


You were on level 4 of the Dungeon.
You worshipped Okawaru.
Okawaru was aware of your devotion.
You were hungry.

You visited 1 branch of the dungeon, and saw 4 of its levels.

You collected 237 gold pieces.

Inventory:

Hand Weapons
 a - a +0 flail (weapon)
 s - a +4 quarterstaff of chaos
Missiles
 e - 90 stones (quivered)
 i - 23 bolts
 j - 63 sling bullets
 l - 144 arrows
Armour
 b - a +0 scale mail (worn)
 c - a +1 kite shield (worn)
 t - a +0 cloak (worn)
Wands
 g - a wand of flame (16)
Scrolls
 h - a scroll of teleportation
 m - a scroll of remove curse
 u - a scroll of magic mapping
 v - a scroll of identify
 w - a scroll of enchant weapon {unknown}
Potions
 d - a potion of might
 k - 2 potions of curing
 o - a potion of berserk rage
 p - a potion of haste
 q - a potion of heal wounds {unknown}
 r - a potion of lignification {unknown}
 x - a potion of degeneration {unknown}
Comestibles
 f - 6 rations


   Skills:
 + Level 4.6 Fighting
 + Level 5.2 Maces & Flails
 + Level 5.1 Armour
 + Level 2.0 Dodging
 + Level 5.0 Shields


You had 5 spell levels left.
You didn't know any spells.
Your spell library contained the following spells:

 Spells                   Type           Power        Failure   Level  Hunger
 Foxfire                  Conj/Fire      #...         99%         1    ##.....
 Conjure Flame            Conj/Fire      #.......     100%        3    ####...
 Inner Flame              Hex/Fire       #.......     100%        3    ####...
 Sticky Flame             Conj/Fire      #.......     100%        4    #####..
 Fireball                 Conj/Fire      #.........   100%        5    ######.


Dungeon Overview and Level Annotations

Branches:
Dungeon (4/15)
 Temple: D:4-7

Altars:
Okawaru
Vehumet

Shops:
D:4 !


Innate Abilities, Weirdness & Mutations

You reflexively headbutt those who attack you in melee.
You have a pair of horns on your head.


Message History

You destroy the bullfrog skeleton!
Okawaru accepts your kill.
All of the chunks of flesh in your inventory have rotted away.
You now have 237 gold pieces (gained 14).
Found a stone staircase leading up.
Found a stone staircase leading down.
j - 63 sling bullets (gained 27)
You are feeling hungry.
An ogre comes into view. It is wielding a +0 giant spiked club.
The ogre shouts!
The ogre hits you with a +0 giant spiked club!!
You barely miss the ogre.
Your scale mail prevents you from hitting the ogre.
The ogre hits you with a +0 giant spiked club!!
Ouch! That really hurt!
* * * LOW HITPOINT WARNING * * *
You barely miss the ogre. You headbutt the ogre.
The ogre is lightly wounded.
The ogre hits you with a +0 giant spiked club!
You die...

.... ..## ###
#########
######..<.>..#####
.......#####.#...#
#####..........#.#
#
##.#####.#...######
#
#.......##.@O....#
#
##########..####.#
# #..# #########
#... .#......#####
##.## #..####....)#
... .#.####.....#
... .#.#........#
... ...#.##.....#


You could see an ogre.

Vanquished Creatures
  Crazy Yiuf (D:3)
  An iguana (D:4)
  Jessica (D:3)
  A bullfrog skeleton (D:4)
  Terence (D:3)
  Natasha (thrice) (D:3)
  3 gnolls (D:3)
  4 adders
  An ooze (D:1)
  3 worms
  A dart slug (D:2)
  4 leopard geckos
  An orc (D:3)
  5 bats
  6 giant cockroaches
  8 hobgoblins
  8 jackals (D:2)
  7 kobolds
  2 quokkas (D:3)
  A ball python (D:3)
  5 frilled lizards
  5 goblins
  11 rats
83 creatures vanquished.

Notes
Turn   | Place    | Note
-------+----------+-------------------------------------------
     0 | D:1      | funkygono the Minotaur Fighter began the quest for the Orb.
     0 | D:1      | Reached XP level 1. HP: 19/19 MP: 0/0
   132 | D:1      | Reached XP level 2. HP: 27/27 MP: 1/1
   512 | D:1      | Reached XP level 3. HP: 33/33 MP: 2/2
   703 | D:2      | Found an iron altar of Okawaru.
   819 | D:2      | Became a worshipper of Warmaster Okawaru
  1092 | D:2      | Reached skill level 1 in Dodging
  1092 | D:2      | Reached XP level 4. HP: 40/40 MP: 3/3
  1398 | D:3      | Noticed Natasha
  1510 | D:3      | Killed Natasha
  1510 | D:3      | Reached XP level 5. HP: 31/47 MP: 4/4
  1776 | D:3      | Noticed Jessica
  1786 | D:3      | Killed Jessica
  2000 | D:3      | Noticed Terence
  2007 | D:3      | Killed Terence
  2108 | D:3      | Noticed Natasha
  2115 | D:3      | Killed Natasha
  2115 | D:3      | Reached * piety under Okawaru
  2182 | D:3      | Noticed Natasha
  2191 | D:3      | Killed Natasha
  2191 | D:3      | Reached XP level 6. HP: 53/53 MP: 5/5
  2366 | D:3      | Found a runed translucent door.
  2367 | D:3      | Noticed Crazy Yiuf
  2372 | D:3      | Paralysed by Crazy Yiuf for 3 turns
  2378 | D:3      | Killed Crazy Yiuf
  2378 | D:3      | Reached skill level 5 in Maces & Flails
  2704 | D:4      | Found a radiant altar of Vehumet.
  2837 | D:4      | Found Samick's Distillery.
  2844 | D:4      | Reached skill level 5 in Armour
  2844 | D:4      | Reached skill level 5 in Shields
  3187 | D:4      | Mangled by an ogre

Illustrated notes

Levels and vault maps discovered:
D:1:      minmay_arrival_shattered_statue, layout_rooms, minivault_19
D:2:      layout_loops_ring, okawaru_ov_weapons_minmay
D:3:      layout_loops_corners, grunt_decor_one_mirror, uniq_jessica,
          uniq_terence, uniq_natasha, uniq_crazy_yiuf_cottage
D:4:      layout_loops_cross, vehumet_altar_wand_db, serial_shops, shop,
          first_ration

Skill      XL: |  1  2  3  4  5  6 |
---------------+-------------------+-----
Shields        | 4 5 |  5.0
Armour         | 4 5 |  5.1
Fighting       | 4 |  4.6
Maces & Flails | 3 4 5 |  5.2
Dodging        | 1 2 |  2.0

Action                   |  1- 3 |  4- 6 || total
-------------------------+-------+-------++-------
Melee: Flail             |   100 |   118 ||   218
       Headbutt          |    15 |    21 ||    36
Throw: Stone             |    11 |     3 ||    14
  Use: Scroll            |     5 |     6 ||    11
       Potion            |       |     1 ||     1
  Eat: Chunk             |     1 |     6 ||     7
Armor: Scale mail        |    41 |    28 ||    69
Dodge: Dodged            |    22 |    39 ||    61
Block: Kite shield       |    65 |    74 ||   139
